 Dungeon Sprint DCSS version 0.29.1-2-gbd0b4ee654 (webtiles) character file.

Game seed: 6812883642390645957

36785 Groucho the Imperceptible (level 13, -3/72 HPs)
             Began as a Spriggan Enchanter on Nov 26, 2022.
             Was a Follower of Uskayaw.
             Killed by the air
             ... invoked by a titan
              (27 damage)
             ... in the Dungeon (Sprint VII: "The Pits").
             The game lasted 00:33:24 (9632 turns).

Groucho the Imperceptible (Spriggan Enchanter)      Turns: 9632, Time: 00:33:25

Health: -3/72      AC:  4    Str:  7 (8)  XL:     13   Next: 54%
Magic:  33/33      EV: 32    Int: 16 (17) God:    Uskayaw [*.....]
Gold:   20         SH:  0    Dex: 15 (16) Spells: 34/42 levels left

rFire   . . .      SeeInvis +   q - +2 rapier (venom)
rCold   . . .      Faith    .   (no shield)
rNeg    . . .      Spirit   .   H - +2 robe
rPois   .          Reflect  .   (helmet restricted)
rElec   .          Harm     .   (no cloak)
rCorr   .          Rampage  .   (gloves unavailable)
Will    ++...      NoTele   +   (boots unavailable)
Stlth   +++++++++.              I - amulet of Vitality {RegenMP++ Regen++}
HPRegen 1.82/turn               o - +3 ring of evasion
MPRegen 1.03/turn               p - +3 ring of evasion

@: very quick
A: very small, no large weapons, unfitting armour, see invisible, speed 3,
deterioration 1
a: Renounce Religion, Stomp


You were in the Dungeon.
You worshipped Uskayaw.
Uskayaw was most pleased with you.
You visited 1 branch You collected 20 gold pieces.

Inventory:

Hand Weapons
 a - a +2 dagger
 d - a +1 dagger of venom
 q - a +2 rapier of venom (weapon)
Missiles
 h - 3 boomerangs (quivered)
 v - a boomerang of dispersal
 G - 2 stones
Armour
 b - a +2 buckler
 H - a +2 robe (worn)
Jewellery
 o - a +3 ring of evasion (left hand)
 p - a +3 ring of evasion (right hand)
 B - a ring of protection from fire
 C - a ring of willpower
 E - a ring of protection from cold
 F - the ring of Obsession {rElec rN+ Int+4 Stlth-}
   (You found it in the Dungeon)

   [ring of positive energy]

   Int:       It affects your intelligence (+4).
   rElec:     It insulates you from electricity.
   rN:        It protects you from negative energy.
   Stlth:     It makes you less stealthy.
 I - the amulet of Vitality (around neck) {RegenMP++ Regen++}
   (You found it in the Dungeon)

   [amulet of magic regeneration]

   It increases your rate of magic regeneration.
   Regen:     It increases your rate of health regeneration.
Wands
 n - a wand of quicksilver (5)
 u - a wand of digging (3)
 A - a wand of flame (26)
Scrolls
 i - 2 scrolls of blinking
 j - 5 scrolls of amnesia
 k - a scroll of summoning
 l - 2 scrolls of vulnerability
 w - 2 scrolls of enchant armour
 x - 4 scrolls of enchant weapon
 y - 2 scrolls of butterflies
 z - a scroll of fear
 D - 3 scrolls of identify
Potions
 c - 3 potions of invisibility
 e - 4 potions of heal wounds
 f - a potion of haste
 g - 2 potions of magic
 m - 2 potions of curing
 r - 3 potions of brilliance
 s - 2 potions of might


   Skills:
 + Level 9.9 Fighting
 * Level 13.3 Short Blades
 + Level 15.3 Dodging
 * Level 26.4 Stealth
 - Level 15.0 Spellcasting
 * Level 9.3 Conjurations
 - Level 15.0 Hexes
 * Level 16.3 Invocations


You had 34 spell levels left.
You knew the following spells:

 Your Spells              Type           Power      Damage    Failure   Level
a - Ensorcelled Hibernat  Hex/Ice        72%        N/A       1%          2
b - Confusing Touch       Hex            56%        N/A       1%          3
c - Dazzling Flash        Conj/Hex       100%       N/A       1%          3

Your spell library contained the following spells:

 Spells                   Type           Power      Damage    Failure   Level
 Tukima's Dance           Hex            56%        N/A       1%          3
 Sublimation of Blood     Necr           12%        N/A       9%          2
 Irradiate                Conj/Tmut      13%        3d16      22%         5
 Freezing Cloud           Conj/Ice/Air   11%        6-21      38%         5
 Petrify                  Tmut/Erth      12%        N/A       47%         4
 Simulacrum               Ice/Necr       6%         N/A       100%        6
 Polar Vortex             Ice            6%         N/A       100%        9


Dungeon Overview and Level Annotations

Branches:
Dungeon (1/1)

Altars:
Ashenzari
Cheibriados
Dithmenos
Elyvilon
Fedhas
Gozag
Hepliaklqana
Kikubaaqudgha
Makhleb
Nemelex Xobeh
Okawaru
Qazlal
Ru
Sif Muna
Trog
Uskayaw
Vehumet
Wu Jian
Xom
Yredelemnul
Zin
The Shining One
Jiyva
Lugonu


Innate Abilities, Weirdness & Mutations

You are very small and have problems with some larger weapons.
You are too small for most types of armour.
You have supernaturally acute eyesight. (SInv)
You cover ground extremely quickly. (Speed+++)
Your body sometimes deteriorates upon taking damage.


Message History

The orc knight is moderately wounded.
You strike the helpless orc knight from behind!
You skewer the orc knight like a kebab!!!
You kill the orc knight!
You can now pass through a line of other dancers.
Things that are here:
a +2 great mace; a +0 plate armour A vault guard comes into view.
It is wielding a +1 vorpal long sword. 2 vault guards come into view.
You can no longer pass through a line of other dancers.
A titan comes into view.
The helpless vault guard fails to defend itself.
You stick the vault guard like a pincushion!!!!!
You kill the vault guard!
A naga warrior and a nagaraja come into view.
The naga warrior shouts!
The vault guard shouts!
The titan shouts!
The titan completely misses you.
You hit the titan.
The titan is lightly wounded.
You flicker for a moment.
The naga warrior spits poison at you. The splash of poison misses you.
The vault guard completely misses you.
The titan points at you and mumbles some strange words.
The bolt of lightning hits you!!
The vault guard shouts!
The nagaraja shouts!
The vault guard closely misses you.
The titan waves its arms in wide circles.
The air twists around and strikes you!!
Your body deteriorates!
You feel clumsy.
The titan waves its arms in wide circles.
The air twists around and strikes you!!
* * * LOW HITPOINT WARNING * * *
Your body deteriorates!
You feel dopey.
You feel much better.
You flicker back into view.
The vault guard hits you with a +0 great mace!
Your body deteriorates!
You feel weakened.
The titan waves its arms in wide circles.
The air twists around and strikes you!!
You die...

................).........#
.).........)..............#
########''##############..#
+, #....)...# +...+ #..#
#........# ,#C..# #.[#
####..#######...####..#
#........#.........#..#
..............N...N..#..#
..#........#..@pp....#..# #
####..####.##+###+##..# ,
#### #.# #..# , ,+)#,,
,#..# ### #++# ### + ..####
, , , ###..#* ,, , #....# *


You could see a titan, a nagaraja, a naga warrior and 2 vault guards.

Vanquished Creatures
  Rupert (D)
  2 orc warlords (D)
  A spriggan defender (D)
  A vampire knight (D)
  A deep elf annihilator (D)
  A yellow draconian (D)
  An eidolon (D)
  A deep elf death mage (D)
  A great orb of eyes (D)
  A vault guard (D)
  A hydra (D)
  A two-headed ogre (D)
  2 alligators (D)
  3 hell knights (D)
  A death yak (D)
  A shadow wraith (D)
  A sixfirhy (D)
  A sea snake (D)
  2 flayed ghosts (D)
  A deep troll (D)
  A swamp dragon (D)
  10 orc knights (D)
  3 deep elf zephyrmancers (D)
  A lindwurm (D)
  2 necromancers (D)
  A deep elf pyromancer (D)
  An orc sorcerer (D)
  A black mamba (D)
  2 molten gargoyles (D)
  A rust devil (D)
  Joseph (D)
  2 orange demons (D)
  3 elephants (D)
  A cane toad (D)
  A rime drake (D)
  A kobold demonologist (D)
  A yaktaur (D)
  2 freezing wraiths (D)
  An efreet (D)
  A hellwing (D)
  An ice devil (D)
  A red devil (D)
  A merfolk (D)
  A polar bear (D)
  2 trolls (D)
  A wind drake (D)
  Grinder (D)
  2 tarantellas (D)
  A hornet (D)
  A tyrant leech (D)
  2 jumping spiders (D)
  2 spriggans (D)
  A flying skull (D)
  2 ynoxinuls (D)
  2 shadows (D)
  A fire elemental (D)
  4 redbacks (D)
  Eustachio (D)
  4 vampire mosquitoes (D)
  A neqoxec (D)
  Edmund (D)
  A warg (D)
  6 orc warriors (D)
  A black bear (D)
  2 centaurs (D)
  2 ogres (D)
  A phantom (D)
  Blork the orc (D)
  A scorpion (D)
  5 wights (D)
  A crimson imp (D)
  A quasit (D)
  An orc priest (D)
  Ijyb (D)
  2 orc wizards (D)
  3 gnolls (D)
  An adder (D)
  2 river rats (D)
  An ufetubus (D)
  An adder zombie (D)
  A worm (D)
  7 orcs (D)
  A bat (D)
  A bat skeleton (D)
  An endoplasm (D)
  A goblin (D)
  3 quokkas (D)
  A frilled lizard (D)
  A rat (D)
146 creatures vanquished.

Notes
Turn   | Place    | Note
-------+----------+-------------------------------------------
     0 | D        | Groucho the Spriggan Enchanter began the quest for the Orb.
     0 | D        | Reached XP level 1. HP: 9/9 MP: 5/5
    26 | D        | Reached skill level 5 in Stealth
    54 | D        | Found a bloodstained altar of Trog.
    54 | D        | Found a shimmering blue altar of Sif Muna.
    54 | D        | Found a viscous altar of Jiyva.
    54 | D        | Found a hazy altar of Hepliaklqana.
    54 | D        | Found an opulent altar of Gozag.
    55 | D        | Found a glowing golden altar of the Shining One.
    55 | D        | Found a glowing silver altar of Zin.
    55 | D        | Found a basalt altar of Yredelemnul.
    55 | D        | Found a shimmering altar of Xom.
    55 | D        | Found an ornate altar of the Wu Jian Council.
    55 | D        | Found a sacrificial altar of Ru.
    55 | D        | Found a stormy altar of Qazlal.
    55 | D        | Found an iron altar of Okawaru.
    55 | D        | Found a sparkling altar of Nemelex Xobeh.
    55 | D        | Found a burning altar of Makhleb.
    55 | D        | Found a blossoming altar of Fedhas.
    55 | D        | Found a white marble altar of Elyvilon.
    55 | D        | Found a shadowy altar of Dithmenos.
    55 | D        | Found a snail-covered altar of Cheibriados.
    57 | D        | Found a radiant altar of Vehumet.
    57 | D        | Found a corrupted altar of Lugonu.
    58 | D        | Found an ancient bone altar of Kikubaaqudgha.
    58 | D        | Found a hide-covered altar of Uskayaw.
    58 | D        | Found a broken altar of Ashenzari.
    68 | D        | Became a worshipper of Uskayaw the Reveller
    94 | D        | Reached * piety under Uskayaw
    95 | D        | Reached skill level 6 in Stealth
    95 | D        | Reached XP level 2. HP: 13/13 MP: 5/7
   349 | D        | Reached ** piety under Uskayaw
   350 | D        | Reached skill level 7 in Stealth
   377 | D        | Reached skill level 5 in Hexes
   707 | D        | Learned a level 2 spell: Ensorcelled Hibernation
   708 | D        | Noticed a scorpion
   716 | D        | Killed a scorpion
   717 | D        | Reached skill level 10 in Stealth
   717 | D        | Reached skill level 5 in Spellcasting
   717 | D        | Reached XP level 3. HP: 16/16 MP: 2/11
   717 | D        | Reached XP level 4. HP: 21/21 MP: 2/12
   727 | D        | Learned a level 3 spell: Confusing Touch
   731 | D        | Learned a level 3 spell: Dazzling Flash
   941 | D        | Noticed an ogre
   962 | D        | Killed an ogre
   963 | D        | Reached skill level 12 in Stealth
   963 | D        | Reached XP level 5. HP: 24/24 MP: 8/15
  1204 | D        | Reached skill level 1 in Invocations
  1470 | D        | Noticed a phantom
  1479 | D        | Killed a phantom
  1480 | D        | Reached skill level 1 in Fighting
  1480 | D        | Reached skill level 13 in Stealth
  1480 | D        | Reached XP level 6. HP: 19/30 MP: 14/17
  2086 | D        | Noticed a tarantella
  2088 | D        | Killed a tarantella
  2089 | D        | Reached skill level 5 in Dodging
  2089 | D        | Reached skill level 14 in Stealth
  2089 | D        | Reached XP level 7. HP: 35/35 MP: 17/19
  2090 | D        | Noticed Blork the orc
  2090 | D        | Noticed Edmund
  2103 | D        | Killed Edmund
  2104 | D        | Reached skill level 5 in Invocations
  2108 | D        | Killed Blork the orc
  2109 | D        | Reached skill level 15 in Stealth
  2109 | D        | Reached skill level 10 in Hexes
  2710 | D        | Noticed Grinder
  2739 | D        | Killed Grinder
  2749 | D        | Noticed Joseph
  2820 | D        | Reached XP level 8. HP: 35/40 MP: 16/21
  2832 | D        | Killed Joseph
  2833 | D        | Reached skill level 5 in Short Blades
  2833 | D        | Reached skill level 16 in Stealth
  2922 | D        | Noticed a deep troll
  2922 | D        | Noticed a kobold demonologist
  2929 | D        | Killed a deep troll
  2931 | D        | Killed a kobold demonologist
  2931 | D        | Reached *** piety under Uskayaw
  2932 | D        | Reached skill level 17 in Stealth
  2932 | D        | Reached XP level 9. HP: 39/46 MP: 23/23
  2980 | D        | Noticed a sea snake
  2981 | D        | Noticed Ijyb
  2981 | D        | Noticed a freezing wraith
  2988 | D        | Noticed a flayed ghost
  3003 | D        | Killed a flayed ghost
  3004 | D        | Reached skill level 10 in Spellcasting
  3253 | D        | Noticed an alligator
  3253 | D        | Noticed an alligator
  3254 | D        | Noticed a merfolk
  3303 | D        | Killed an alligator
  3304 | D        | Reached skill level 5 in Fighting
  3304 | D        | Reached skill level 18 in Stealth
  3470 | D        | Killed Ijyb
  3508 | D        | Killed a freezing wraith
  3859 | D        | Killed a sea snake
  3860 | D        | Reached XP level 10. HP: 51/51 MP: 22/25
  3865 | D        | Killed an alligator
  3866 | D        | Reached skill level 19 in Stealth
  3872 | D        | Noticed an orc knight
  3874 | D        | Reached skill level 10 in Invocations
  3878 | D        | Reached **** piety under Uskayaw
  3882 | D        | Noticed a shadow wraith
  3939 | D        | Noticed a black mamba
  4219 | D        | Killed an orc knight
  4220 | D        | Reached skill level 10 in Dodging
  4412 | D        | Killed a shadow wraith
  4413 | D        | Reached skill level 20 in Stealth
  4624 | D        | Noticed a rust devil
  4626 | D        | Noticed a molten gargoyle
  4803 | D        | Noticed an orange demon
  4833 | D        | Killed an orange demon
  4834 | D        | Reached skill level 15 in Hexes
  4846 | D        | Killed a black mamba
  4847 | D        | Reached XP level 11. HP: 21/58 MP: 19/27
  4931 | D        | Reached skill level 1 in Conjurations
  4948 | D        | Reached skill level 21 in Stealth
  5181 | D        | Noticed a lindwurm
  5182 | D        | Noticed a death yak
  5260 | D        | Killed a lindwurm
  5809 | D        | Killed a death yak
  6094 | D        | Noticed a flayed ghost
  6162 | D        | Got the ring of Obsession {rElec rN+ Int+4 Stlth-}
  6197 | D        | Killed a flayed ghost
  6249 | D        | Noticed a deep elf zephyrmancer
  6249 | D        | Noticed a five-headed hydra
  6255 | D        | Killed a five-headed hydra
  6256 | D        | Reached skill level 10 in Short Blades
  6256 | D        | Reached skill level 22 in Stealth
  6259 | D        | Killed a deep elf zephyrmancer
  6389 | D        | Noticed a deep elf zephyrmancer
  6392 | D        | Killed a deep elf zephyrmancer
  6402 | D        | Noticed an orc knight
  6446 | D        | Killed an orc knight
  6754 | D        | Noticed a two-headed ogre
  6768 | D        | Killed a two-headed ogre
  6769 | D        | Reached skill level 5 in Conjurations
  6769 | D        | Reached XP level 12. HP: 53/64 MP: 17/30
  6952 | D        | Reached skill level 23 in Stealth
  7562 | D        | Noticed an eidolon
  7564 | D        | Killed an eidolon
  7570 | D        | Noticed a great orb of eyes
  7572 | D        | Killed a great orb of eyes
  7572 | D        | Reached ***** piety under Uskayaw
  7573 | D        | Noticed a spriggan defender
  7575 | D        | Killed a spriggan defender
  7577 | D        | Reached ****** piety under Uskayaw
  7579 | D        | Noticed Rupert
  7579 | D        | Found the amulet of Vitality {RegenMP++ Regen++}
  7627 | D        | Reached skill level 24 in Stealth
  7634 | D        | Killed Rupert
  7640 | D        | Gained mutation: Your body sometimes deteriorates upon
                  | taking damage. [a neqoxec]
  7642 | D        | Gained mutation: You are weak. (Str -2) [a neqoxec]
  7648 | D        | Gained mutation: You passively map a small area around you.
                  | [a neqoxec]
  7681 | D        | Identified the +11 dire flail of the Final Chapter {drain,
                  | rCorr Dex+4}
  7681 | D        | Noticed Eustachio
  7686 | D        | Killed Eustachio
  7689 | D        | Noticed a vampire knight
  7732 | D        | Killed a vampire knight
  7740 | D        | Identified the +0 halberd of the Charming Gods {protect,
                  | Dex+3}
  8077 | D        | Noticed a deep elf annihilator
  8077 | D        | Noticed a deep elf death mage
  8079 | D        | Killed a deep elf death mage
  8080 | D        | Reached skill level 15 in Invocations
  8088 | D        | Reached skill level 25 in Stealth
  8088 | D        | Reached XP level 13. HP: 59/70 MP: 32/32
  8290 | D        | Killed a deep elf annihilator
  8550 | D        | HP: 2/70 [swamp dragon (8)]
  8783 | D        | Noticed a yellow draconian
  8812 | D        | Killed a yellow draconian
  8842 | D        | Reached skill level 15 in Spellcasting
  9042 | D        | Noticed an orc warlord
  9042 | D        | Noticed an orc warlord
  9291 | D        | Killed an orc warlord
  9317 | D        | Lost mutation: You are weak. (Str -2) [potion of mutation]
  9317 | D        | Lost mutation: You passively map a small area around you.
                  | [potion of mutation]
  9317 | D        | Gained mutation: You are dopey. (Int -2) [potion of
                  | mutation]
  9317 | D        | Lost mutation: You are dopey. (Int -2) [potion of mutation]
  9461 | D        | Reached skill level 15 in Dodging
  9461 | D        | Reached skill level 26 in Stealth
  9571 | D        | Killed an orc warlord
  9613 | D        | Noticed a titan
  9618 | D        | Noticed a nagaraja
  9632 | D        | Killed from afar by a titan

Illustrated notes

Levels and vault maps discovered:
D:        pitsprint [storerooms_1, entrance_room_1, metal_vault_4, armoury_2,
          mini_pit_1, grid_room_1, main_hall_1, silver_pit, the_coven_1,
          the_vestibule_1, steel_vault_1, golden_pit, hallway_of_sentries,
          crystal_vault_5, iron_vault_2, final_vault]

Skill      XL: |  1  2  3  4  5  6  7  8  9 10 11 12 13 |
---------------+----------------------------------------+-----
Stealth        | 6 10 12 13 14 15 17 18 20 22 25 26 | 26.4
Spellcasting   | 3 5 7 8 9 10 11 13 14 15 | 15.0
Hexes          | 4 6 7 8 9 10 12 13 15 | 15.0
Dodging        | 3 5 6 7 9 10 12 14 15 | 15.3
Invocations    | 2 4 6 7 9 11 13 15 16 | 16.3
Fighting       | 1 2 3 4 5 6 7 9 |  9.9
Short Blades   | 2 3 4 6 7 8 10 11 13 | 13.3
Conjurations   | 5 7 9 |  9.3

Action                   |  1- 3 |  4- 6 |  7- 9 | 10-12 | 13-15 || total
-------------------------+-------+-------+-------+-------+-------++-------
Melee: Dagger            |    27 |    20 |    41 |   240 |    64 ||   392
       Punch             |       |       |       |     1 |       ||     1
       Rapier            |       |       |       |       |    19 ||    19
Throw: Stone             |     1 |     2 |     4 |     3 |       ||    10
       Boomerang         |       |       |       |     1 |     2 ||     3
 Cast: Ensorcelled Hiber |     2 |    15 |    15 |    89 |    28 ||   149
       Confusing Touch   |       |     1 |     5 |    23 |     8 ||    37
       Dazzling Flash    |       |       |       |       |     3 ||     3
  Use: Potion            |     3 |       |     4 |    15 |     9 ||    31
       Scroll            |       |       |       |       |     1 ||     1
 Stab: Sleeping          |     4 |     7 |    11 |    64 |     9 ||    95
       Distracted        |       |     1 |       |     7 |       ||     8
       Confused          |       |     1 |     6 |    21 |     7 ||    35
       Paralysed         |       |       |       |     3 |     1 ||     4
       Invisible         |       |       |       |       |     6 ||     6
Armor: Robe              |     2 |     3 |     6 |     2 |       ||    13
Dodge: Dodged            |    31 |    20 |    44 |   151 |    47 ||   293
